 Dungeon Crawl Stone Soup version 0.27-a0-597-g524d869a0f (webtiles) character file.

Game seed: 7923979174819931719

243 kae the Ruffian (level 6, 0/52 HPs)
             Began as a Naga Transmuter on Mar 11, 2021.
             Slain by a hound skeleton (1 damage)
             ... on level 4 of the Dungeon.
             The game lasted 00:01:37 (2880 turns).

kae the Ruffian (Naga Transmuter)                   Turns: 2880, Time: 00:01:38

Health: 0/52       AC:  3    Str: 14    XL:     6   Next: 9%
Magic:  9/9        EV: 10    Int: 14    God:
Gold:   192        SH:  0    Dex: 11    Spells: 6/10 levels left

rFire    + . .     SeeInvis +     - Unarmed
rCold    + . .     Faith    .   (no shield)
rNeg     . . .     Spirit   .   a - +0 robe
rPois    +         Reflect  .   (no helmet)
rElec    +         Harm     .   (no cloak)
rCorr    +         Rampage  .   (no gloves)
Will     .....                  (no barding)
Stlth    +.........             (no amulet)
HPRegen  0.17/turn              (no ring)
MPRegen  0.11/turn              (no ring)

@: resistant, very slow
A: large, see invisible, deformed body, poison resistance, slowness 2, spit
poison 1, naga tail 1, AC +2
a: Spit Poison


You were on level 4 of the Dungeon.
You visited 1 branch of the dungeon, and saw 4 of its levels.

You collected 192 gold pieces.

Inventory:

Armour
 a - a +0 robe (worn)
 l - a scarf of resistance
Scrolls
 b - 2 scrolls of immolation {unknown}
 c - 3 scrolls of amnesia {unknown}
 e - a scroll of fog {unknown}
 g - a scroll of magic mapping {unknown}
 j - a scroll of enchant armour {unknown}
 n - a scroll of teleportation {unknown}
Potions
 d - a potion of resistance
 f - a potion of invisibility {unknown}
 h - 2 potions of flight {unknown}
 i - a potion of brilliance {unknown}
 k - 2 potions of degeneration {unknown}
 m - a potion of attraction {unknown}
 o - a potion of heal wounds {unknown}


   Skills:
 + Level 1.9 Fighting
 + Level 2.2 Dodging
 * Level 4.1 Unarmed Combat
 + Level 2.6 Spellcasting
 * Level 3.5 Transmutations
 * Level 2.9 Poison Magic


You had 6 spell levels left.
You knew the following spells:

 Your Spells              Type           Power      Damage    Failure   Level
a - Beastly Appendage     Tmut           22%        N/A       5%          1
b - Spider Form           Tmut/Pois      5%         N/A       19%         3

Your spell library contained the following spells:

 Spells                   Type           Power      Damage    Failure   Level
 Wereblood                Tmut           11%        N/A       9%          2
 Ice Form                 Ice/Tmut       6%         N/A       73%         4
 Blade Hands              Tmut           5%         N/A       83%         5


Dungeon Overview and Level Annotations

Branches:
Dungeon (4/15)
 Temple: D:4-7

Altars:
Xom
Zin


Innate Abilities, Weirdness & Mutations

Your serpentine skin is tough. (AC +2)
You have supernaturally acute eyesight. (SInv)
Armour fits poorly on your strangely shaped body.
Your system is resistant to poisons. (rPois)
You cover ground very slowly.
You can spit poison.
You have a snake-like lower body.


Message History

You barely miss the bullfrog skeleton.
The bullfrog skeleton is severely damaged.
The bullfrog skeleton hits you.
* * * LOW HITPOINT WARNING * * *
The hound skeleton bites you but does no damage.
You hit the bullfrog skeleton.
The bullfrog skeleton is severely damaged.
The bullfrog skeleton hits you.
* * * LOW HITPOINT WARNING * * *
The hound skeleton barely misses you.
You barely miss the bullfrog skeleton.
The bullfrog skeleton is severely damaged.
The bullfrog skeleton closely misses you.
The hound skeleton completely misses you.
You barely miss the bullfrog skeleton.
The bullfrog skeleton is severely damaged.
The bullfrog skeleton closely misses you.
The hound skeleton bites you.
* * * LOW HITPOINT WARNING * * *
The bullfrog skeleton barely misses you.
The hound skeleton bites you but does no damage.
You hit the bullfrog skeleton but do no damage.
The bullfrog skeleton is severely damaged.
The bullfrog skeleton barely misses you.
The hound skeleton barely misses you.
You hit the bullfrog skeleton but do no damage.
The bullfrog skeleton is severely damaged.
The bullfrog skeleton hits you.
* * * LOW HITPOINT WARNING * * *
The hound skeleton barely misses you.
You hit the bullfrog skeleton but do no damage.
The bullfrog skeleton is severely damaged.
The bullfrog skeleton hits you.
* * * LOW HITPOINT WARNING * * *
The hound skeleton barely misses you.
It was a potion of resistance.
You feel protected.
The bullfrog skeleton barely misses you.
The hound skeleton bites you.
You die...

#........ ..####........
#.............
#####...###### ###
#####.....#.... ....
#####.....###.....#
.....#.....#######...#.#
......Z.....####...###
......Z@.........###
..............####
.............##
.....!.......#
...!............
............#####
.....#>....##
#....#####.. ## ##.


You could see a hound skeleton and a bullfrog skeleton.

Vanquished Creatures
  An ogre (D:4)
  Jessica (D:3)
  2 worker ants (D:4)
  4 adders
  A shadow imp (D:4)
  A leopard gecko (D:2)
  4 orcs
  2 giant cockroaches (D:1)
  2 goblins (D:2)
  6 hobgoblins
  6 kobolds
  A quokka (D:4)
  A ball python (D:3)
  5 bats
  2 frilled lizards
  2 rats (D:1)
41 creatures vanquished.

Notes
Turn   | Place    | Note
-------+----------+-------------------------------------------
     0 | D:1      | kae the Naga Transmuter began the quest for the Orb.
     0 | D:1      | Reached XP level 1. HP: 18/18 MP: 3/3
   591 | D:1      | Reached XP level 2. HP: 25/25 MP: 3/5
  1056 | D:2      | You fall into a shaft and drop 1 floor!
  1210 | D:3      | Reached XP level 3. HP: 27/31 MP: 4/6
  1217 | D:2      | Learned a level 3 spell: Spider Form
  1283 | D:2      | Found a glowing silver altar of Zin.
  1310 | D:2      | Found a shimmering altar of Xom.
  1311 | D:2      | Found a shimmering altar of Xom.
  1664 | D:2      | Reached skill level 1 in Poison Magic
  1730 | D:3      | Noticed Jessica
  1734 | D:3      | Killed Jessica
  1735 | D:3      | Reached XP level 4. HP: 38/38 MP: 3/7
  2536 | D:4      | Reached XP level 5. HP: 43/44 MP: 2/8
  2616 | D:4      | Noticed an ogre
  2628 | D:4      | Killed an ogre
  2629 | D:4      | Reached skill level 4 in Unarmed Combat
  2797 | D:4      | Reached XP level 6. HP: 52/52 MP: 5/9
  2879 | D:4      | HP: 1/52 [bullfrog skeleton (3)]
  2880 | D:4      | Slain by a hound skeleton

Illustrated notes

Levels and vault maps discovered:
D:1:      wheals_arrival_shading, layout_basic, roderic_roman_lattice
D:2:      layout_rooms, general_overflow_altar, xom_redecorated
D:3:      layout_loops_ring, uniq_jessica
D:4:      layout_rooms, kennysheep_mini_moat, gammafunk_temple_overflow_wave

Skill      XL: |  1  2  3  4  5 |
---------------+----------------+-----
Poison Magic   | 1 2 |  2.9
Dodging        | 2 |  2.2
Transmutations | 3 |  3.5
Unarmed Combat | 4 |  4.1
Fighting       | |  1.9
Spellcasting   | |  2.6

Action                   |  1- 3 |  4- 6 || total
-------------------------+-------+-------++-------
Melee: Unarmed           |    32 |    72 ||   104
       Headbutt          |     2 |     2 ||     4
       Punch             |       |     1 ||     1
 Cast: Beastly Appendage |    12 |     4 ||    16
       Spider Form       |     2 |     5 ||     7
 Abil: Spit Poison       |    20 |     6 ||    26
  Use: Potion            |       |     1 ||     1
Armor: Robe              |     3 |     8 ||    11
       Skin              |       |     1 ||     1
Dodge: Dodged            |    18 |    74 ||    92

Table legend: (Time is in decaauts)
 A = Elapsed time spent in this place.
 B = Non-inter-level travel time spent in this place.
 C = Inter-level travel time spent in this place.
 D = Time resting spent in this place.
 E = Time spent auto-exploring this place.
 F = Levels seen in this place.
 G = Mean time per level.
                   A        B        C        D        E       F      G
               +--------+--------+--------+--------+--------+-----+--------+
         Total |   3606 |   3333 |    273 |      0 |   3024 |   4 |  901.5 |
       Dungeon |   3606 |   3333 |    273 |      0 |   3024 |   4 |  901.5 |
               +--------+--------+--------+--------+--------+-----+--------+

Top non-repeatable levels by time:
     D:1: 1133 daAuts
     D:3: 1095 daAuts
     D:2: 968 daAuts
     D:4: 407 daAuts
